3A
PROVO MANGO @ BELLEVILLE BULLS
08/19/2022
 
TOP OF THE 1ST
Provo Mango batting - Pitching for Belleville Bulls : RHP António Fabián
Pitching: RHP António Fabián
Batting: RHB Cristián Lima 0-0: Ball
1-0: Fly out, F8 (Flyball, 8LS)
Batting: LHB Akihito Nishiyama 0-0: Ball
1-0: Called Strike
1-1: Foul Ball, location: 2F
1-2: Ball
2-2: Foul Ball, location: 2F
2-2: Foul Ball, location: 2F
2-2: Strikes out swinging
Batting: RHB Santiago Ramos 0-0: Ball
1-0: Foul Ball, location: 2F
1-1: Ball
2-1: Ball
3-1: Fly out, F8 (Flyball, 8LD)
Top of the 1st over - 0 run(s), 0 hit(s), 0 error(s), 0 left on base; Provo 0 - Belleville 0
BOTTOM OF THE 1ST
Belleville Bulls batting - Pitching for Provo Mango : LHP Jeff Bradshaw
Pitching: LHP Jeff Bradshaw
Batting: LHB Manuel Sánchez 0-0: Ball
1-0: Fly out, F3 (Line Drive, 3)
Batting: RHB Paddy Hodnett 0-0: Called Strike
0-1: Ball
1-1: Called Strike
1-2: Strikes out looking
Batting: RHB Felipe Gonzáles 0-0: Foul Ball, location: 2F
0-1: Fly out, F9 (Line Drive, 9M)
Bottom of the 1st over - 0 run(s), 0 hit(s), 0 error(s), 0 left on base; Provo 0 - Belleville 0
TOP OF THE 2ND
Provo Mango batting - Pitching for Belleville Bulls : RHP António Fabián
Batting: RHB Rubén Campos 0-0: Ball
1-0: Swinging Strike
1-1: Swinging Strike
1-2: Strikes out swinging
Batting: SHB Kunimichi Chikafuji 0-0: Ground out 6-3 (Groundball, 6)
Batting: RHB Lúcio Sánchez 0-0: Ball
1-0: Foul Ball, location: 2F
1-1: Hit by Pitch
Batting: RHB Salvador Noriega 0-0: Foul Ball, location: 2F
0-1: Ball
1-1: Swinging Strike
1-2: Strikes out swinging
Top of the 2nd over - 0 run(s), 0 hit(s), 0 error(s), 1 left on base; Provo 0 - Belleville 0
BOTTOM OF THE 2ND
Belleville Bulls batting - Pitching for Provo Mango : LHP Jeff Bradshaw
Batting: RHB Jesús Soto 0-0: Ball
1-0: Ball
2-0: Called Strike
2-1: Ball
3-1: Foul Ball, location: 2F
3-2: Foul Ball, location: 2F
3-2: Fly out, F7 (Flyball, 78S)
Batting: RHB Alberto Blanco 0-0: Ball
1-0: Ball
2-0: Called Strike
2-1: SINGLE (Line Drive, 4D)
Batting: RHB Henry Mann 0-0: Called Strike
0-1: Fly out, F9 (Flyball, 9S)
Batting: RHB Lee Charles 0-0: Ball
1-0: Fielders Choice at 2nd, U6 (Groundball, 6M)
Bottom of the 2nd over - 0 run(s), 1 hit(s), 0 error(s), 1 left on base; Provo 0 - Belleville 0
TOP OF THE 3RD
Provo Mango batting - Pitching for Belleville Bulls : RHP António Fabián
Batting: SHB Tom Oglander 0-0: Ball
1-0: Ball
2-0: Ball
3-0: Base on Balls
Batting: RHB John Moss 0-0: Ball
Tom Oglander is caught stealing 2nd base
1-0: Swinging Strike
1-1: Swinging Strike
1-2: Ground out 6-3 (Groundball, 6)
Batting: RHB Cristián Lima 0-0: Called Strike
0-1: Fly out, F9 (Flyball, 9LSF)
Top of the 3rd over - 0 run(s), 0 hit(s), 0 error(s), 0 left on base; Provo 0 - Belleville 0
BOTTOM OF THE 3RD
Belleville Bulls batting - Pitching for Provo Mango : LHP Jeff Bradshaw
Batting: RHB Rafael Delgado 0-0: Called Strike
0-1: Fly out, F4 (Popup, 34D)
Batting: RHB Howard Fewell 0-0: Ball
1-0: Foul Ball, location: 2F
1-1: Bunted foul
1-2: Ball
2-2: Ball
3-2: DOUBLE (Flyball, 78M)
Batting: LHB Manuel Sánchez 0-0: Called Strike
0-1: Called Strike
0-2: Ball
1-2: Ball
2-2: Foul Ball, location: 2F
2-2: Ball
3-2: Strikes out swinging
Batting: RHB Paddy Hodnett 0-0: Ball
1-0: Foul Ball, location: 2F
1-1: Ground out 3-1 (Groundball, 3)
Bottom of the 3rd over - 0 run(s), 1 hit(s), 0 error(s), 1 left on base; Provo 0 - Belleville 0
TOP OF THE 4TH
Provo Mango batting - Pitching for Belleville Bulls : RHP António Fabián
Batting: LHB Akihito Nishiyama 0-0: Called Strike
0-1: Ball
1-1: Ball
2-1: Ground out 4-3 (Groundball, 4)
Batting: RHB Santiago Ramos 0-0: Foul Ball, location: 2F
0-1: Swinging Strike
0-2: Foul Ball, location: 2F
0-2: Strikes out looking
Batting: RHB Rubén Campos 0-0: Foul Ball, location: 2F
0-1: Called Strike
0-2: Ball
1-2: Foul Ball, location: 2F
1-2: Foul Ball, location: 2F
1-2: Strikes out swinging
Top of the 4th over - 0 run(s), 0 hit(s), 0 error(s), 0 left on base; Provo 0 - Belleville 0
BOTTOM OF THE 4TH
Belleville Bulls batting - Pitching for Provo Mango : LHP Jeff Bradshaw
Batting: RHB Felipe Gonzáles 0-0: Called Strike
0-1: Ball
1-1: SINGLE (Line Drive, 4D)
Batting: RHB Jesús Soto 0-0: Ball
1-0: Ball
2-0: Ball
3-0: Base on Balls
Felipe Gonzáles to second
Batting: RHB Alberto Blanco 0-0: Ball
1-0: 3-RUN HOME RUN (Flyball, 9LD), Distance : 338 ft
Batting: RHB Henry Mann 0-0: Called Strike
0-1: Ball
1-1: Foul Ball, location: 2F
1-2: Foul Ball, location: 2F
1-2: Ball
2-2: Ball
3-2: Fly out, F9 (Flyball, 89S)
Batting: RHB Lee Charles 0-0: Ball
1-0: Foul Ball, location: 2F
1-1: Called Strike
1-2: Fly out, F8 (Flyball, 8LM)
Batting: RHB Rafael Delgado 0-0: Ball
1-0: Foul Ball, location: 2F
1-1: Fly out, F8 (Flyball, 8RXD)
Bottom of the 4th over - 3 run(s), 2 hit(s), 0 error(s), 0 left on base; Provo 0 - Belleville 3
TOP OF THE 5TH
Provo Mango batting - Pitching for Belleville Bulls : RHP António Fabián
Batting: SHB Kunimichi Chikafuji 0-0: Ball
1-0: Called Strike
1-1: Ball
2-1: Foul Ball, location: 2F
2-2: Ground out 3-1 (Groundball, 34)
Batting: RHB Lúcio Sánchez 0-0: Called Strike
0-1: Ball
1-1: Ball
2-1: Fly out, F9 (Flyball, 89S)
Batting: RHB Salvador Noriega 0-0: Foul Ball, location: 2F
0-1: Ground out 5-3 (Groundball, 5L)
Top of the 5th over - 0 run(s), 0 hit(s), 0 error(s), 0 left on base; Provo 0 - Belleville 3
BOTTOM OF THE 5TH
Belleville Bulls batting - Pitching for Provo Mango : LHP Jeff Bradshaw
Batting: RHB Howard Fewell 0-0: Ball
1-0: Ball
2-0: Called Strike
2-1: Fly out, F8 (Popup, 6MD)
Batting: LHB Manuel Sánchez 0-0: Ball
1-0: Called Strike
1-1: Called Strike
1-2: Foul Ball, location: 2F
1-2: Strikes out swinging
Batting: RHB Paddy Hodnett 0-0: Ground out 6-3 (Groundball, 6)
Bottom of the 5th over - 0 run(s), 0 hit(s), 0 error(s), 0 left on base; Provo 0 - Belleville 3
TOP OF THE 6TH
Provo Mango batting - Pitching for Belleville Bulls : RHP António Fabián
Batting: SHB Tom Oglander 0-0: Ball
1-0: Ball
2-0: Fly out, F8 (Flyball, 8LM)
Batting: RHB John Moss 0-0: Foul Ball, location: 2F
0-1: Swinging Strike
0-2: Ball
1-2: Strikes out looking
Batting: RHB Cristián Lima 0-0: Ball
1-0: Ball
2-0: Foul Ball, location: 2F
2-1: Ball
3-1: Fly out, F7 (Flyball, 7M)
Top of the 6th over - 0 run(s), 0 hit(s), 0 error(s), 0 left on base; Provo 0 - Belleville 3
BOTTOM OF THE 6TH
Belleville Bulls batting - Pitching for Provo Mango : LHP Jeff Bradshaw
Batting: RHB Felipe Gonzáles 0-0: Swinging Strike
0-1: Fly out, F7 (Flyball, 7S)
Batting: RHB Jesús Soto 0-0: Fly out, F7 (Flyball, 7M)
Batting: RHB Alberto Blanco 0-0: Ball
1-0: Called Strike
1-1: Ball
2-1: Ball
3-1: Base on Balls
Batting: RHB Henry Mann 0-0: Ball
1-0: Ball
2-0: Foul Ball, location: 2F
2-1: Ball
3-1: Base on Balls
Alberto Blanco to second
Pitching: RHP Guang Wen
Batting: RHB Lee Charles 0-0: Called Strike
0-1: Swinging Strike
0-2: Ball
1-2: Strikes out swinging
Bottom of the 6th over - 0 run(s), 0 hit(s), 0 error(s), 2 left on base; Provo 0 - Belleville 3
TOP OF THE 7TH
Provo Mango batting - Pitching for Belleville Bulls : RHP António Fabián
Batting: LHB Akihito Nishiyama 0-0: Called Strike
0-1: SINGLE (Line Drive, 9S)
Batting: RHB Santiago Ramos 0-0: Ball
1-0: Foul Ball, location: 2F
1-1: Called Strike
1-2: Ball
2-2: Foul Ball, location: 2F
2-2: Foul Ball, location: 2F
2-2: Ball
3-2: Foul Ball, location: 2F
3-2: Base on Balls
Akihito Nishiyama to second
Batting: RHB Rubén Campos 0-0: Foul Ball, location: 2F
0-1: Swinging Strike
0-2: Strikes out swinging
Batting: SHB Kunimichi Chikafuji 0-0: Ball
1-0: SINGLE (Flyball, 7S)
Akihito Nishiyama to third
Santiago Ramos to second
Runner from 3rd tries for Home, SAFE, no throw or cutoff
Pinch Hitting: LHB Héctor Rivera 0-0: Swinging Strike
0-1: Ball
1-1: Foul Ball, location: 2F
1-2: Foul Ball, location: 2F
1-2: Strikes out looking
Batting: RHB Salvador Noriega 0-0: Fielders Choice at 2nd, U6 (Groundball, 6M)
Top of the 7th over - 1 run(s), 2 hit(s), 0 error(s), 2 left on base; Provo 1 - Belleville 3
BOTTOM OF THE 7TH
Belleville Bulls batting - Pitching for Provo Mango : RHP Guang Wen
Now at 3B: Héctor Rivera
Batting: RHB Rafael Delgado 0-0: Foul Ball, location: 2F
0-1: DOUBLE (Flyball, 9LM)
Batting: RHB Howard Fewell 0-0: Ball
1-0: Foul Ball, location: 2F
1-1: Fly out, F9 (Flyball, 89D)
Runner from 2nd tags up, SAFE at 3rd, no throw
Batting: LHB Manuel Sánchez 0-0: Ball
1-0: Fly out, F8 (Flyball, 8LS)
Batting: RHB Paddy Hodnett 0-0: Swinging Strike
0-1: Ball
1-1: Foul Ball, location: 2F
1-2: Strikes out swinging
Bottom of the 7th over - 0 run(s), 1 hit(s), 0 error(s), 1 left on base; Provo 1 - Belleville 3
TOP OF THE 8TH
Provo Mango batting - Pitching for Belleville Bulls : RHP António Fabián
Batting: SHB Tom Oglander 0-0: Ball
1-0: Swinging Strike
1-1: Foul Ball, location: 2F
1-2: Foul Ball, location: 2F
1-2: Ball
2-2: Ball
3-2: Strikes out swinging
Batting: RHB John Moss 0-0: Swinging Strike
0-1: Swinging Strike
0-2: Strikes out swinging
Batting: RHB Cristián Lima 0-0: Foul Ball, location: 2F
0-1: Swinging Strike
0-2: Ground out 5-3 (Groundball, 56)
Top of the 8th over - 0 run(s), 0 hit(s), 0 error(s), 0 left on base; Provo 1 - Belleville 3
BOTTOM OF THE 8TH
Belleville Bulls batting - Pitching for Provo Mango : RHP Guang Wen
Batting: RHB Felipe Gonzáles 0-0: Ball
1-0: Foul Ball, location: 2F
1-1: Ground out 4-3 (Groundball, 4)
Batting: RHB Jesús Soto 0-0: Ball
1-0: Called Strike
1-1: Ball
2-1: Ball
3-1: Base on Balls
Batting: RHB Alberto Blanco 0-0: Ball
1-0: Called Strike
1-1: Ball
2-1: Ball
3-1: Called Strike
3-2: Foul Ball, location: 2F
3-2: Foul Ball, location: 2F
3-2: Foul Ball, location: 2F
3-2: Foul Ball, location: 2F
3-2: Fly out, F8 (Flyball, 8RM)
Batting: RHB Henry Mann 0-0: Called Strike
0-1: Swinging Strike
0-2: Foul Ball, location: 2F
0-2: Foul Ball, location: 2F
0-2: Ball
1-2: Strikes out swinging
Bottom of the 8th over - 0 run(s), 0 hit(s), 0 error(s), 1 left on base; Provo 1 - Belleville 3
TOP OF THE 9TH
Provo Mango batting - Pitching for Belleville Bulls : RHP António Fabián
Pitching: RHP Leăo Barro
Batting: LHB Akihito Nishiyama 0-0: Ball
1-0: Called Strike
1-1: Called Strike
1-2: Foul Ball, location: 2F
1-2: Ball
2-2: Foul Ball, location: 2F
2-2: Fly out, F1 (Line Drive, 13)
Batting: RHB Santiago Ramos 0-0: Called Strike
0-1: SINGLE (Groundball, 56)
Batting: RHB Rubén Campos 0-0: Ball
1-0: DOUBLE (Line Drive, 9LS)
Santiago Ramos to third
Batting: SHB Kunimichi Chikafuji 0-0: SINGLE (Line Drive, 9LS)
Santiago Ramos scores
Rubén Campos to third
Runner from 3rd tries for Home, SAFE, no throw or cutoff
Batting: LHB Héctor Rivera 0-0: Ball
1-0: Ground out 3-1 (Groundball, 34)
Kunimichi Chikafuji to second
Batting: RHB Salvador Noriega 0-0: Ball
1-0: Swinging Strike
1-1: Called Strike
1-2: Ball
2-2: Strikes out swinging
Top of the 9th over - 2 run(s), 3 hit(s), 0 error(s), 1 left on base; Provo 3 - Belleville 3
BOTTOM OF THE 9TH
Belleville Bulls batting - Pitching for Provo Mango : RHP Guang Wen
Pitching: RHP Enrique García
Pinch Hitting: RHB Jim Unknown 0-0: Called Strike
0-1: Ball
1-1: Swinging Strike
1-2: Strikes out swinging
Pinch Hitting: LHB Alfredo Farías 0-0: Called Strike
0-1: Ball
1-1: Ball
2-1: Ground out U3 (Groundball, 3S)
Pinch Hitting: RHB Ángel Rosa 0-0: Ball
1-0: Ball
2-0: Called Strike
2-1: Called Strike
2-2: Strikes out swinging
Bottom of the 9th over - 0 run(s), 0 hit(s), 0 error(s), 0 left on base; Provo 3 - Belleville 3
TOP OF THE 10TH
Provo Mango batting - Pitching for Belleville Bulls : RHP Leăo Barro
Now at 1B: Ángel Rosa
Now at 2B: Jim Unknown
Now in LF: Jim Unknown
Pinch Hitting: LHB Armando Villarreal 0-0: Ball
1-0: Foul Ball, location: 2F
1-1: Ball
2-1: Ground out 4-3 (Groundball, 4)
Pinch Hitting: LHB Esteban Trujillo 0-0: Ball
1-0: Called Strike
1-1: Swinging Strike
1-2: Ball
2-2: Ball
3-2: Strikes out looking
Batting: RHB Cristián Lima 0-0: Foul Ball, location: 2F
0-1: Ball
1-1: Foul Ball, location: 2F
1-2: Ball
2-2: Fly out, F4 (Popup, 9S)
Top of the 10th over - 0 run(s), 0 hit(s), 0 error(s), 0 left on base; Provo 3 - Belleville 3
BOTTOM OF THE 10TH
Belleville Bulls batting - Pitching for Provo Mango : RHP Enrique García
Now at 1B: Esteban Trujillo
Now at SS: Armando Villarreal
Batting: LHB Manuel Sánchez 0-0: Ball
1-0: Fly out, F3 (Popup, 2R)
Batting: RHB Paddy Hodnett 0-0: Called Strike
0-1: Fly out, F8 (Flyball, 78XD)
Batting: RHB Felipe Gonzáles 0-0: Called Strike
0-1: Ball
1-1: Ball
2-1: Ball
3-1: Base on Balls
Pinch Runner at 1st Gabriel López:
Batting: RHB Jesús Soto 0-0: Called Strike
0-1: Called Strike
0-2: Foul Ball, location: 2F
0-2: Ball
1-2: Ball
2-2: Foul Ball, location: 2F
2-2: Foul Ball, location: 2F
2-2: Foul Ball, location: 2F
2-2: SINGLE (Line Drive, 6M)
Gabriel López to second
Runner from 2nd tries for 3rd, SAFE, no throw or cutoff
Batting: RHB Alberto Blanco 0-0: Foul Ball, location: 2F
0-1: Ball
1-1: Ball
2-1: Ground out 4-3 (Groundball, 4)
Bottom of the 10th over - 0 run(s), 1 hit(s), 0 error(s), 2 left on base; Provo 3 - Belleville 3
TOP OF THE 11TH
Provo Mango batting - Pitching for Belleville Bulls : RHP Leăo Barro
Now at 2B: Gabriel López
Batting: LHB Akihito Nishiyama 0-0: Called Strike
0-1: Swinging Strike
0-2: Ball
1-2: Ball
2-2: Foul Ball, location: 2F
2-2: Ground out 4-3 (Groundball, 4)
Batting: RHB Santiago Ramos 0-0: Ball
1-0: Called Strike
1-1: Fly out, F7 (Flyball, 7M)
Batting: RHB Rubén Campos 0-0: Fly out, F3 (Popup, 3DF)
Top of the 11th over - 0 run(s), 0 hit(s), 0 error(s), 0 left on base; Provo 3 - Belleville 3
BOTTOM OF THE 11TH
Belleville Bulls batting - Pitching for Provo Mango : RHP Enrique García
Pitching: RHP Luis Ramos
Batting: RHB Henry Mann 0-0: Ball
1-0: Foul Ball, location: 2F
1-1: Foul Ball, location: 2F
1-2: Strikes out swinging
Batting: RHB Jim Unknown 0-0: Called Strike
0-1: Ball
1-1: Ball
2-1: Ball
3-1: Fly out, F6 (Popup, 6MD)
Pinch Hitting: RHB Jaime Ramírez 0-0: Ball
1-0: Ground out 5-3 (Groundball, 56)
Bottom of the 11th over - 0 run(s), 0 hit(s), 0 error(s), 0 left on base; Provo 3 - Belleville 3
TOP OF THE 12TH
Provo Mango batting - Pitching for Belleville Bulls : RHP Leăo Barro
Now at SS: Jaime Ramírez
Batting: SHB Kunimichi Chikafuji 0-0: Ball
1-0: Foul Ball, location: 2F
1-1: Ball
2-1: Ball
3-1: Called Strike
3-2: Base on Balls
Batting: LHB Héctor Rivera 0-0: Called Strike
0-1: Called Strike
0-2: Ball
1-2: Ball
2-2: Foul Ball, location: 2F
2-2: Foul Ball, location: 2F
2-2: Ground out 5-3 (Groundball, 6S)
Kunimichi Chikafuji to second
Pitching: RHP Neal Davis
Batting: RHB Salvador Noriega 0-0: Called Strike
0-1: Ball
1-1: Foul Ball, location: 2F
1-2: Foul Ball, location: 2F
1-2: Ball
2-2: Ball
3-2: Strikes out swinging
Batting: LHB Armando Villarreal 0-0: Called Strike
0-1: Ball
1-1: Fly out, F7 (Flyball, 78M)
Top of the 12th over - 0 run(s), 0 hit(s), 0 error(s), 1 left on base; Provo 3 - Belleville 3
BOTTOM OF THE 12TH
Belleville Bulls batting - Pitching for Provo Mango : RHP Luis Ramos
Batting: RHB Ángel Rosa 0-0: Foul Ball, location: 2F
0-1: Ball
1-1: Called Strike
1-2: Strikes out looking
Batting: LHB Manuel Sánchez 0-0: Ball
1-0: Fly out, F8 (Flyball, 8RD)
Batting: RHB Paddy Hodnett 0-0: Called Strike
0-1: Ball
1-1: Foul Ball, location: 2F
1-2: Ball
2-2: Ball
3-2: Ground out 6-3 (Groundball, 6)
Bottom of the 12th over - 0 run(s), 0 hit(s), 0 error(s), 0 left on base; Provo 3 - Belleville 3
TOP OF THE 13TH
Provo Mango batting - Pitching for Belleville Bulls : LHP Jorge Peralta
Pitching: LHP Jorge Peralta
Pinch Hitting: RHB Everette Jeffers 0-0: Ball
1-0: Called Strike
1-1: Called Strike
1-2: Ball
2-2: Strikes out swinging
Batting: RHB Cristián Lima 0-0: Ball
1-0: Called Strike
1-1: DOUBLE (Line Drive, 78M)
Batting: LHB Akihito Nishiyama 0-0: Ball
Cristián Lima is caught stealing 3rd base
1-0: Called Strike
1-1: Swinging Strike
1-2: Ball
2-2: Ball
3-2: Strikes out swinging
Top of the 13th over - 0 run(s), 1 hit(s), 0 error(s), 0 left on base; Provo 3 - Belleville 3
BOTTOM OF THE 13TH
Belleville Bulls batting - Pitching for Provo Mango : RHP Luis Ramos
Now at 1B: Héctor Anbablo
Batting: RHB Gabriel López 0-0: Ball
1-0: Called Strike
1-1: Ball
2-1: Swinging Strike
2-2: Strikes out swinging
Batting: RHB Jesús Soto 0-0: Ball
1-0: Ball
2-0: Ball
3-0: Called Strike
3-1: Called Strike
3-2: Base on Balls
Batting: RHB Alberto Blanco 0-0: Swinging Strike
0-1: Swinging Strike
0-2: Strikes out looking
Batting: RHB Henry Mann 0-0: Ball
1-0: Ball
2-0: SINGLE (Groundball, 6MD)
Jesús Soto to second
Batting: RHB Jim Unknown 0-0: Ball
1-0: Called Strike
1-1: Foul Ball, location: 2F
1-2: SINGLE (Groundball, 34D) (infield hit)
Jesús Soto to third
Henry Mann to second
Batting: RHB Jaime Ramírez 0-0: Foul Ball, location: 2F
0-1: Fly out, F7 (Flyball, 7D)
Bottom of the 13th over - 0 run(s), 2 hit(s), 0 error(s), 3 left on base; Provo 3 - Belleville 3
TOP OF THE 14TH
Provo Mango batting - Pitching for Belleville Bulls : LHP Jorge Peralta
Batting: RHB Santiago Ramos 0-0: Called Strike
0-1: Fly out, F9 (Flyball, 9LS)
Batting: RHB Rubén Campos 0-0: Called Strike
0-1: SINGLE (Groundball, 6M)
Batting: SHB Kunimichi Chikafuji 0-0: Ball
1-0: Ball
2-0: Ball
3-0: Called Strike
3-1: Swinging Strike
3-2: Foul Ball, location: 2F
3-2: Strikes out looking
Batting: LHB Héctor Rivera 0-0: Ball
1-0: SINGLE (Line Drive, 6M)
Rubén Campos to second
Runner from 2nd tries for 3rd, SAFE, no throw or cutoff
Batting: RHB Salvador Noriega 0-0: Fly out, F8 (Flyball, 8RXD)
Top of the 14th over - 0 run(s), 2 hit(s), 0 error(s), 2 left on base; Provo 3 - Belleville 3
BOTTOM OF THE 14TH
Belleville Bulls batting - Pitching for Provo Mango : RHP Luis Ramos
Pitching: RHP Odemar Ouweneel
Batting: RHB Ángel Rosa 0-0: Called Strike
0-1: Called Strike
0-2: Strikes out looking
Batting: LHB Manuel Sánchez 0-0: Swinging Strike
0-1: Foul Ball, location: 2F
0-2: Foul Ball, location: 2F
0-2: Strikes out swinging
Batting: RHB Paddy Hodnett 0-0: Called Strike
0-1: Foul Ball, location: 2F
0-2: Fly out, F9 (Flyball, 9M)
Bottom of the 14th over - 0 run(s), 0 hit(s), 0 error(s), 0 left on base; Provo 3 - Belleville 3
TOP OF THE 15TH
Provo Mango batting - Pitching for Belleville Bulls : LHP Jorge Peralta
Batting: LHB Armando Villarreal 0-0: Called Strike
0-1: Ball
1-1: Ball
2-1: Foul Ball, location: 2F
2-2: Foul Ball, location: 2F
2-2: Fly out, F7 (Flyball, 7M)
Pinch Hitting: RHB Jim Unknown 0-0: Ball
1-0: DOUBLE (Line Drive, 8RXD)
Batting: RHB Cristián Lima 0-0: Called Strike
0-1: Swinging Strike
0-2: Strikes out looking
Batting: LHB Akihito Nishiyama 0-0: Swinging Strike
0-1: Swinging Strike
0-2: Ball
1-2: Ball
2-2: Ground out 1-3 (Groundball, 13S)
Top of the 15th over - 0 run(s), 1 hit(s), 0 error(s), 1 left on base; Provo 3 - Belleville 3
BOTTOM OF THE 15TH
Belleville Bulls batting - Pitching for Provo Mango : RHP Odemar Ouweneel
Now at 1B: Xavier Hernández
Batting: RHB Gabriel López 0-0: Ground out 5-3 (Groundball, 5)
Batting: RHB Jesús Soto 0-0: Called Strike
0-1: Called Strike
0-2: Strikes out swinging
Batting: RHB Alberto Blanco 0-0: Called Strike
0-1: Called Strike
0-2: Strikes out swinging
Bottom of the 15th over - 0 run(s), 0 hit(s), 0 error(s), 0 left on base; Provo 3 - Belleville 3
TOP OF THE 16TH
Provo Mango batting - Pitching for Belleville Bulls : LHP Jorge Peralta
Batting: RHB Santiago Ramos 0-0: Ball
1-0: Ball
2-0: Foul Ball, location: 2F
2-1: DOUBLE (Flyball, 89XD)
Batting: RHB Rubén Campos 0-0: Called Strike
0-1: Ball
1-1: Foul Ball, location: 2F
1-2: Foul Ball, location: 2F
1-2: Ball
2-2: Ball
3-2: Base on Balls
Batting: SHB Kunimichi Chikafuji 0-0: Ball
1-0: Called Strike
1-1: Foul Ball, location: 2F
1-2: Foul Ball, location: 2F
1-2: Ball
2-2: Fly out, F9 (Flyball, 89M)
Pitching: RHP Rubén Villarreal
Batting: LHB Héctor Rivera 0-0: Foul Ball, location: 2F
0-1: Fly out, F7 (Flyball, 7LM)
Batting: RHB Salvador Noriega 0-0: Foul Ball, location: 2F
0-1: Foul Ball, location: 2F
0-2: Ball
1-2: Ball
2-2: Foul Ball, location: 2F
2-2: Ball
3-2: Foul Ball, location: 2F
3-2: Base on Balls
Santiago Ramos to third
Rubén Campos to second
Batting: LHB Armando Villarreal 0-0: Swinging Strike
0-1: Ball
1-1: Ball
2-1: Swinging Strike
2-2: Ball
3-2: Strikes out swinging
Top of the 16th over - 0 run(s), 1 hit(s), 0 error(s), 3 left on base; Provo 3 - Belleville 3
BOTTOM OF THE 16TH
Belleville Bulls batting - Pitching for Provo Mango : RHP Odemar Ouweneel
Batting: RHB Henry Mann 0-0: Called Strike
0-1: Ball
1-1: Ball
2-1: Foul Ball, location: 2F
2-2: Foul Ball, location: 2F
2-2: Foul Ball, location: 2F
2-2: Ball
3-2: Foul Ball, location: 2F
3-2: Foul Ball, location: 2F
3-2: Foul Ball, location: 2F
3-2: Foul Ball, location: 2F
3-2: Base on Balls
Batting: RHB Jim Unknown 0-0: Sac Bunt - play at first, batter OUT! 1-4
Henry Mann to second
Batting: RHB Jaime Ramírez 0-0: Ball
1-0: Ball
2-0: Ground out 5-3 (Groundball, 5S)
Henry Mann to third
Batting: RHB Ángel Rosa 0-0: Called Strike
0-1: Ball
1-1: Ball
2-1: Swinging Strike
2-2: Foul Ball, location: 2F
2-2: Strikes out swinging
Bottom of the 16th over - 0 run(s), 0 hit(s), 0 error(s), 1 left on base; Provo 3 - Belleville 3
TOP OF THE 17TH
Provo Mango batting - Pitching for Belleville Bulls : RHP Rubén Villarreal
Batting: RHB Xavier Hernández 0-0: Foul Ball, location: 2F
0-1: Ground out 6-3 (Groundball, 6M)
Batting: RHB Cristián Lima 0-0: Called Strike
0-1: Ball
1-1: Foul Ball, location: 2F
1-2: Strikes out swinging
Batting: LHB Akihito Nishiyama 0-0: Fly out, F8 (Flyball, 78M)
Top of the 17th over - 0 run(s), 0 hit(s), 0 error(s), 0 left on base; Provo 3 - Belleville 3
BOTTOM OF THE 17TH
Belleville Bulls batting - Pitching for Provo Mango : RHP Odemar Ouweneel
Batting: LHB Manuel Sánchez 0-0: Foul Ball, location: 2F
0-1: Foul Ball, location: 2F
0-2: Fly out, F6 (Popup, 6MD)
Batting: RHB Paddy Hodnett 0-0: Ball
1-0: Swinging Strike
1-1: Ball
2-1: Fly out, F8 (Flyball, 8RS)
Batting: RHB Gabriel López 0-0: Ball
1-0: DOUBLE (Line Drive, 78D)
Batting: RHB Jesús Soto 0-0: Intentional Walk
Batting: RHB Alberto Blanco 0-0: Ball
1-0: Ball
2-0: Called Strike
2-1: SINGLE (Line Drive, 4MD)
Gabriel López to third
Jesús Soto to second
Runner from 3rd tries for Home, SAFE, no throw or cutoff
This league is powered by Out of the Park Baseball, the baseball management simulation game for PC, Mac and Linux
Friday, April 15th, 2016 - OOTP Baseball 16.9 Build 39